 Dungeon Crawl Stone Soup version 0.30-a0-782-ge64f9170bb (console) character file.

Game seed: 14674420109478403266

206 rlgrobin the Magician (level 5, -8/35 HPs)
             Began as a Mummy Conjurer on Feb 18, 2023.
             Shot with an arrow by a centaur (11 damage)
             ... on level 5 of the Dungeon.
             The game lasted 00:07:42 (4040 turns).

rlgrobin the Magician (Mummy Conjurer)              Turns: 4040, Time: 00:07:43

Health: -8/35      AC:  2    Str: 10    XL:     5   Next: 53%
Magic:  12/12      EV: 12    Int: 19    God:
Gold:   224        SH:  0    Dex: 17    Spells: 7/14 levels left

rFire   x . .      SeeInvis .    a - +3 flail (venom)
rCold   + . .      Faith    +    (no shield)
rNeg    + + +      Spirit   .    m - +0 robe {Will+}
rPois   ∞          Reflect  .    (no helmet)
rElec   .          Harm     .    (no cloak)
rCorr   .          Rampage  .    (no gloves)
Will    +....                    (no boots)
Stlth   +                        (no amulet)
HPRegen 0.25/turn                c - +6 ring of dexterity
MPRegen 0.13/turn                (no ring)

@: silenced
A: cold resistance 1, negative energy resistance 3, torment resistance 2, heat
vulnerability 1, in touch with death 1, no potions, faith
a: no special abilities


You were on level 5 of the Dungeon.
You visited 1 branch of the dungeon, and saw 5 of its levels.

You collected 224 gold pieces.

Inventory:

Hand Weapons
 a - a +3 flail of venom (weapon)
 f - a +0 spear
Armour
 m - a +0 robe of willpower (worn)
 o - the +1 robe "Quext" {+Inv Str-2 Dex+6}
   (You found it on level 4 of the Dungeon)

   Str:       It affects your strength (-2).
   Dex:       It affects your dexterity (+6).
   +Inv:      It lets you turn invisible.
Magical Staves
 p - a staff of fire
Jewellery
 c - a +6 ring of dexterity (left hand)
Wands
 n - a wand of polymorph (7)
Scrolls
 b - a scroll of immolation {unknown}
 d - a scroll of noise {unknown}
 g - 2 scrolls of enchant weapon
 h - 4 scrolls of identify
 i - a scroll of enchant armour {unknown}
 j - 3 scrolls of poison
 k - a scroll of fear {unknown}
 l - a scroll of teleportation {unknown}
 q - a scroll of amnesia {unknown}
 r - a scroll of blinking {unknown}


   Skills:
 - Level 1.5 Dodging
 - Level 1.5 Stealth
 + Level 5.1 Spellcasting
 + Level 4.5 Conjurations
 + Level 1.3 Hexes


You had 7 spell levels left.
You knew the following spells:

 Your Spells              Type           Power      Damage    Failure   Level
a - Magic Dart            Conj           88%        1d7       1%          1
b - Searing Ray           Conj           44%        2d6       3%          2
c - Fulminant Prism       Conj/Hex       8%         3d7       36%         4

Your spell library contained the following spells:

 Spells                   Type           Power      Damage    Failure   Level
 Dazzling Flash           Conj/Hex       32%        N/A       11%         3
 Iskenderun's Mystic Bla  Conj/Tloc      13%        2d5       43%         4
 Olgreb's Toxic Radiance  Pois           4%         N/A       77%         4
 Ozocubu's Refrigeration  Ice            2%         4d7       100%        7
 Ignition                 Fire           2%         3d3       100%        8


Dungeon Overview and Level Annotations

Branches:
Dungeon (5/15)
 Temple: D:4-7

Altars:
Okawaru

Shops:
D:1 *

Annotations:
D:3 Sigmund
D:4 Eustachio


Innate Abilities, Weirdness & Mutations

You are immune to poison.
Your flesh is cold resistant. (rC+)
You are immune to negative energy. (rN+++)
You are immune to unholy pain and torment.
You are vulnerable to heat. (rF-)
You are in touch with the powers of death.
You do not drink.
You have a special connection with the divine. (Faith)


Message History

a +0 dagger; a +0 robe; an orc corpse
Items here: ))) [[ †.
r - a +2 flail of venom Your +2 flail of venom begins to drip with poison!
r - a +2 flail of venom (weapon)
Adjust (i)tems, (s)pells, or (a)bilities?
r - a +2 flail of venom (weapon)
Adjust to which letter? (? for menu, Esc to quit)
a - a +2 flail of venom (weapon);
r - a scroll labelled YSETELUYTU A centaur comes into view.
The centaur shouts!
The centaur wields a +0 shortbow.
The centaur shoots an arrow.
The arrow hits you!
The centaur shoots an arrow.
The arrow hits you!
A water moccasin comes into view.
The water moccasin hisses angrily.
As you read the scroll labelled YFOATI AMMAGE, it crumbles to dust.
It is a scroll of identify.
j - 3 scrolls of poison
As you read the scroll labelled ROQO TODELEE, it crumbles to dust.
It is a scroll of enchant weapon.
Your +2 flail of venom glows red for a moment.
The water moccasin bites you.
As you read the scroll labelled DUUPPU HAITYRUCEI, it crumbles to dust.
A profound silence engulfs you.
It was a scroll of silence.
The water moccasin bites you.
* * * LOW HITPOINT WARNING * * *
The water moccasin bites you.
* * * LOW HITPOINT WARNING * * *
You closely miss the water moccasin. The water moccasin misses you.
The water moccasin bites you.
* * * LOW HITPOINT WARNING * * *
Aiming: Polymorph
Press: ? - help, Shift-Dir - straight line, f - water moccasin
Aim: a water moccasin (silenced, will become a fire bat, a sky beast, or a wyvern, chance to affect: 49%)
The water moccasin evaporates and reforms as a sky beast!
The sky beast misses you.
The sky beast flickers out of sight!
Deactivating autopickup; reactivate with Ctrl-A.
The centaur shoots an arrow.
The arrow hits you!
You die...

.###.##..#
... #..#
#####.##..#
#.........#
#.###.##c##
... #.#
###. #.# #.
#.# #c #@#
#.....#
#######


You could see a centaur.

Vanquished Creatures
  A hound (D:4)
  Jessica (D:2)
  2 orc wizards (D:5)
  3 adders
  3 dart slugs
  2 orcs (D:5)
  6 ball pythons
  2 bats
  5 endoplasms
  3 giant cockroaches
  5 goblins
  5 hobgoblins
  9 jackals
  5 kobolds
  2 quokkas (D:1)
  A frilled lizard (D:2)
  6 rats
61 creatures vanquished.

Notes
Turn   | Place    | Note
-------+----------+-------------------------------------------
     0 | D:1      | rlgrobin the Mummy Conjurer began the quest for the Orb.
     0 | D:1      | Reached XP level 1. HP: 13/13 MP: 4/4
   135 | D:1      | Reached skill level 3 in Spellcasting
   311 | D:1      | Found Evicagaco's Assorted Antiques.
   321 | D:1      | Reached XP level 2. HP: 19/19 MP: 0/6
   419 | D:1      | Learned a level 2 spell: Searing Ray
  1101 | D:2      | Gained mutation: You are in touch with the powers of death.
                  | [Mummy growth]
  1101 | D:2      | Reached XP level 3. HP: 24/24 MP: 4/8
  1286 | D:2      | Reached skill level 4 in Spellcasting
  1362 | D:2      | Noticed Jessica
  1373 | D:2      | Killed Jessica
  1374 | D:2      | Reached XP level 4. HP: 30/30 MP: 3/10
  1501 | D:2      | Found an iron altar of Okawaru.
  2591 | D:3      | Learned a level 4 spell: Fulminant Prism
  2737 | D:3      | Noticed Sigmund
  3030 | D:4      | Identified the +1 robe "Quext" {+Inv Str-2 Dex+6}
  3082 | D:4      | Noticed Eustachio
  3095 | D:4      | Reached XP level 5. HP: 28/35 MP: 4/12
  3860 | D:5      | Entered Level 5 of the Dungeon
  3916 | D:5      | Reached skill level 5 in Spellcasting
  3916 | D:5      | Reached skill level 1 in Hexes
  4029 | D:5      | Noticed a centaur
  4029 | D:5      | Noticed a water moccasin
  4037 | D:5      | a water moccasin changed into a sky beast
  4037 | D:5      | Noticed a sky beast
  4040 | D:5      | Shot with an arrow by a centaur

Illustrated notes

Levels and vault maps discovered:
D:1:      lemuel_arrival_broad_hall, layout_loops_cross, serial_shops,
          nicolae_shop_crystal
D:2:      layout_basic, basic_altar, uniq_jessica
D:3:      layout_basic, uniq_sigmund
D:4:      layout_layer_cave, kennysheep_doodads, nicolae_figureground_pulse,
          uniq_eustachio
D:5:      layout_basic, minmay_temple_entry_mist, serial_shops,
          nicolae_shop_statue_plus

Skill      XL: |  1  2  3  4  5 |
---------------+----------------+-----
Spellcasting   | 3 4 5 |  5.1
Conjurations   | 4 |  4.5
Hexes          | 1 |  1.3
Dodging        | |  1.5
Stealth        | |  1.5

Action                     |  1- 3 |  4- 6 || total
---------------------------+-------+-------++-------
  Melee: Spear             |       |     3 ||     3
         Flail             |       |     1 ||     1
   Cast: Magic Dart        |    55 |    55 ||   110
         Searing Ray       |     1 |     2 ||     3
  Evoke: Wand              |       |     1 ||     1
    Use: Scroll            |       |     3 ||     3
 Armour: Robe              |     1 |     1 ||     2
  Dodge: Dodged            |    10 |     5 ||    15

Table legend: (Time is in decaauts)
 A = Elapsed time spent in this place.
 B = Non-inter-level travel time spent in this place.
 C = Inter-level travel time spent in this place.
 D = Time resting spent in this place.
 E = Time spent auto-exploring this place.
 F = Levels seen in this place.
 G = Mean time per level.
                   A        B        C        D        E       F      G
               +--------+--------+--------+--------+--------+-----+--------+
         Total |   4044 |   3864 |    180 |    620 |   2881 |   5 |  808.8 |
       Dungeon |   4044 |   3864 |    180 |    620 |   2881 |   5 |  808.8 |
               +--------+--------+--------+--------+--------+-----+--------+

Top non-repeatable levels by time:
     D:4: 1164 daAuts
     D:1: 1067 daAuts
     D:2: 1065 daAuts
     D:3: 612 daAuts
     D:5: 134 daAuts
